APL (24 & UNDER)
SCOTTSDALE SCORPIONS @ EL PASO TEXANS
08/15/2030
 
TOP OF THE 1ST
Scottsdale Scorpions batting - Pitching for El Paso Texans : LHP José Martínez
Pitching: LHP José Martínez
Batting: RHB Nathan Taylor 0-0: Called Strike
0-1: Ball
1-1: DOUBLE (Line Drive, 8LD)
Batting: RHB José Martínez 0-0: Ball
1-0: Called Strike
1-1: Ball
2-1: Called Strike
2-2: Strikes out swinging
Batting: RHB Randy Banks 0-0: Ball
1-0: Ball
2-0: Foul Ball, location: 2F
2-1: Called Strike
2-2: Strikes out swinging
Batting: LHB Tony Ayala 0-0: Called Strike
0-1: Foul Ball, location: 2F
0-2: Ball
1-2: Ball
2-2: Strikes out swinging
Top of the 1st over - 0 runs, 1 hit, 0 errors, 1 left on base; Scottsdale 0 - El Paso 0
BOTTOM OF THE 1ST
El Paso Texans batting - Pitching for Scottsdale Scorpions : LHP Perry Harris
Pitching: LHP Perry Harris
Batting: SHB António Cervantes 0-0: Swinging Strike
0-1: Called Strike
0-2: Strikes out swinging
Batting: LHB António Fonseca 0-0: Called Strike
0-1: Ball
1-1: Ball
2-1: Ball
3-1: Foul Ball, location: 2F
3-2: Strikes out looking
Batting: LHB Ramón Ortega 0-0: Ball
1-0: Called Strike
1-1: Fly out, F9 (Flyball, 9LSF)
Bottom of the 1st over - 0 runs, 0 hits, 0 errors, 0 left on base; Scottsdale 0 - El Paso 0
TOP OF THE 2ND
Scottsdale Scorpions batting - Pitching for El Paso Texans : LHP José Martínez
Batting: SHB Luis López 0-0: Foul Ball, location: 2F
0-1: DOUBLE (Flyball, 8LXD)
Batting: RHB Phil Rowlett 0-0: Swinging Strike
0-1: Swinging Strike
Passed Ball!
Luis López to third
0-2: Strikes out swinging
Batting: RHB Rob Johnston 0-0: Ball
1-0: Foul Ball, location: 2F
1-1: Called Strike
1-2: Ball
2-2: Ball
3-2: Strikes out swinging
Batting: RHB Robinson Fernández 0-0: Ball
1-0: Ground out 3-1 (Groundball, 34)
Top of the 2nd over - 0 runs, 1 hit, 0 errors, 1 left on base; Scottsdale 0 - El Paso 0
BOTTOM OF THE 2ND
El Paso Texans batting - Pitching for Scottsdale Scorpions : LHP Perry Harris
Batting: LHB Cipriano Rangel 0-0: Ball
1-0: Called Strike
1-1: Foul Ball, location: 2F
1-2: Ball
2-2: Ball
3-2: Fly out, F8 (Flyball, 8LD)
Batting: RHB Kereje Zuka 0-0: Ball
1-0: Foul Ball, location: 2F
1-1: Ball
2-1: Swinging Strike
2-2: Foul Ball, location: 2F
2-2: Ball
3-2: Foul Ball, location: 2F
3-2: Ground out 6-3 (Groundball, 6)
Batting: RHB Chris Smith 0-0: Called Strike
0-1: Ball
1-1: Called Strike
1-2: Ball
2-2: Strikes out swinging
Bottom of the 2nd over - 0 runs, 0 hits, 0 errors, 0 left on base; Scottsdale 0 - El Paso 0
TOP OF THE 3RD
Scottsdale Scorpions batting - Pitching for El Paso Texans : LHP José Martínez
Batting: RHB Jeff McQueen 0-0: Ball
1-0: Called Strike
1-1: Swinging Strike
1-2: Ball
2-2: Ball
3-2: Strikes out looking
Batting: RHB Nathan Taylor 0-0: Called Strike
0-1: Ground out 6-3 (Groundball, 6)
Batting: RHB José Martínez 0-0: Ball
1-0: Foul Ball, location: 2F
1-1: Foul Ball, location: 2F
1-2: Ball
2-2: Reached on error, E5 (Groundball, 56)
Batting: RHB Randy Banks 0-0: Ball
1-0: Ball
2-0: Called Strike
2-1: Swinging Strike
2-2: Ground out 5-3 (Groundball, 56)
Top of the 3rd over - 0 runs, 0 hits, 1 error, 1 left on base; Scottsdale 0 - El Paso 0
BOTTOM OF THE 3RD
El Paso Texans batting - Pitching for Scottsdale Scorpions : LHP Perry Harris
Batting: LHB Gus Price 0-0: Bunted foul
0-1: Fly out, F3 (Line Drive, 3)
Batting: RHB Ed McVinish 0-0: Foul Ball, location: 2F
0-1: Ball
1-1: Swinging Strike
1-2: Ball
2-2: Ground out 4-3 (Groundball, 4M)
Batting: RHB Domingo Morales 0-0: Swinging Strike
0-1: Fly out, F7 (Flyball, 7LSF)
Bottom of the 3rd over - 0 runs, 0 hits, 0 errors, 0 left on base; Scottsdale 0 - El Paso 0
TOP OF THE 4TH
Scottsdale Scorpions batting - Pitching for El Paso Texans : LHP José Martínez
Batting: LHB Tony Ayala 0-0: Called Strike
0-1: Swinging Strike
0-2: Strikes out swinging
Batting: SHB Luis López 0-0: Foul Ball, location: 2F
0-1: Ball
1-1: Ball
2-1: Swinging Strike
2-2: Foul Ball, location: 2F
2-2: Foul Ball, location: 2F
2-2: Foul Ball, location: 2F
2-2: Ball
3-2: Strikes out swinging
Batting: RHB Phil Rowlett 0-0: Ball
1-0: Foul Ball, location: 2F
1-1: Ball
2-1: Ball
3-1: Base on Balls
Batting: RHB Rob Johnston 0-0: Called Strike
0-1: Ball
1-1: Called Strike
1-2: Fielders Choice at 2nd, 6-4 (Groundball, 6)
Top of the 4th over - 0 runs, 0 hits, 0 errors, 1 left on base; Scottsdale 0 - El Paso 0
BOTTOM OF THE 4TH
El Paso Texans batting - Pitching for Scottsdale Scorpions : LHP Perry Harris
Batting: SHB António Cervantes 0-0: SINGLE (Flyball, 8RS)
Batting: LHB António Fonseca 0-0: Ground out 5-3 (Groundball, 56)
António Cervantes to second
Batting: LHB Ramón Ortega 0-0: Called Strike
0-1: Ball
1-1: Called Strike
1-2: Strikes out looking
Batting: LHB Cipriano Rangel 0-0: Intentional Walk
Batting: RHB Kereje Zuka 0-0: Called Strike
0-1: SINGLE (Groundball, 6MD)
António Cervantes to third
Cipriano Rangel to second
Runner from 3rd tries for Home, SAFE, no throw
Batting: RHB Chris Smith 0-0: Called Strike
0-1: Ball
1-1: Swinging Strike
1-2: Ball
Passed Ball!
Cipriano Rangel to third
Kereje Zuka to second
2-2: Ball
3-2: Base on Balls
Batting: LHB Gus Price 0-0: Foul Ball, location: 2F
0-1: Ball
1-1: Foul Ball, location: 2F
1-2: Strikes out swinging
Bottom of the 4th over - 1 run, 2 hits, 0 errors, 3 left on base; Scottsdale 0 - El Paso 1
TOP OF THE 5TH
Scottsdale Scorpions batting - Pitching for El Paso Texans : LHP José Martínez
Batting: RHB Robinson Fernández 0-0: Ball
1-0: Foul Ball, location: 2F
1-1: Foul Ball, location: 2F
1-2: Foul Ball, location: 2F
1-2: Ball
2-2: Ball
3-2: Foul Ball, location: 2F
3-2: Base on Balls
Batting: RHB Jeff McQueen 0-0: Ball
Robinson Fernández is caught stealing 2nd base
1-0: Called Strike
1-1: Ball
2-1: Ball
3-1: Base on Balls
Batting: RHB Nathan Taylor 0-0: Ball
1-0: Ball
2-0: Ball
3-0: Called Strike
3-1: Fielders Choice at 2nd, 3-6 (Groundball, 34)
Batting: RHB José Martínez 0-0: Ball
1-0: Ball
2-0: Ball
3-0: Called Strike
3-1: Called Strike
3-2: Foul Ball, location: 2F
3-2: Foul Ball, location: 2F
3-2: Foul Ball, location: 2F
3-2: Base on Balls
Nathan Taylor to second
Batting: RHB Randy Banks 0-0: Ball
1-0: Swinging Strike
1-1: Swinging Strike
1-2: Strikes out swinging
Top of the 5th over - 0 runs, 0 hits, 0 errors, 2 left on base; Scottsdale 0 - El Paso 1
BOTTOM OF THE 5TH
El Paso Texans batting - Pitching for Scottsdale Scorpions : LHP Perry Harris
Batting: RHB Ed McVinish 0-0: Called Strike
0-1: Fly out, F4 (Popup, 4M)
Batting: RHB Domingo Morales 0-0: Ball
1-0: Called Strike
1-1: Fly out, F8 (Flyball, 8LD)
Batting: SHB António Cervantes 0-0: Called Strike
0-1: Ball
1-1: Ball
2-1: Swinging Strike
2-2: Ball
3-2: Foul Ball, location: 2F
3-2: Base on Balls
Batting: LHB António Fonseca 0-0: Ball
1-0: Swinging Strike
1-1: Swinging Strike
1-2: Foul Ball, location: 2F
1-2: Strikes out swinging
Bottom of the 5th over - 0 runs, 0 hits, 0 errors, 1 left on base; Scottsdale 0 - El Paso 1
TOP OF THE 6TH
Scottsdale Scorpions batting - Pitching for El Paso Texans : LHP José Martínez
Batting: LHB Tony Ayala 0-0: Ball
Error on foul ball, E5
1-1: Swinging Strike
1-2: Foul Ball, location: 2F
1-2: Ball
2-2: Fly out, F7 (Flyball, 7S)
Batting: SHB Luis López 0-0: Ball
1-0: Ball
2-0: Swinging Strike
2-1: Called Strike
2-2: Foul Ball, location: 2F
2-2: Strikes out looking
Batting: RHB Phil Rowlett 0-0: Ball
1-0: Foul Ball, location: 2F
1-1: Fly out, F7 (Flyball, 78S)
Top of the 6th over - 0 runs, 0 hits, 1 error, 0 left on base; Scottsdale 0 - El Paso 1
BOTTOM OF THE 6TH
El Paso Texans batting - Pitching for Scottsdale Scorpions : LHP Perry Harris
Batting: LHB Ramón Ortega 0-0: Foul Ball, location: 2F
0-1: SINGLE (Line Drive, 89S)
Batting: LHB Cipriano Rangel 0-0: Called Strike
0-1: Ball
1-1: Ball
2-1: Ball
3-1: Foul Ball, location: 2F
3-2: Fly out, F9 (Line Drive, 9D)
Batting: RHB Kereje Zuka 0-0: Ball
1-0: Ball
2-0: Fly out, F8 (Flyball, 8LM)
Batting: RHB Chris Smith 0-0: Swinging Strike
0-1: Called Strike
0-2: Ball
Passed Ball!
Ramón Ortega to second
1-2: Foul Ball, location: 2F
1-2: Ground out 1-3 (Groundball, P)
Bottom of the 6th over - 0 runs, 1 hit, 0 errors, 1 left on base; Scottsdale 0 - El Paso 1
TOP OF THE 7TH
Scottsdale Scorpions batting - Pitching for El Paso Texans : LHP José Martínez
Batting: RHB Rob Johnston 0-0: Ground out 1-3 (Groundball, P)
Batting: RHB Robinson Fernández 0-0: Ball
1-0: Ball
2-0: Ball
3-0: Called Strike
3-1: Swinging Strike
3-2: Foul Ball, location: 2F
3-2: Foul Ball, location: 2F
3-2: Foul Ball, location: 2F
3-2: Foul Ball, location: 2F
3-2: Strikes out swinging
Pitching: RHP Mark Thompson
Batting: RHB Jeff McQueen 0-0: Ball
1-0: Foul Ball, location: 2F
1-1: Ball
2-1: Ball
3-1: Foul Ball, location: 2F
3-2: Fly out, F7 (Flyball, 7)
Top of the 7th over - 0 runs, 0 hits, 0 errors, 0 left on base; Scottsdale 0 - El Paso 1
BOTTOM OF THE 7TH
El Paso Texans batting - Pitching for Scottsdale Scorpions : LHP Perry Harris
Batting: LHB Gus Price 0-0: Called Strike
0-1: Foul Ball, location: 2F
0-2: Ball
1-2: Ground out 3-1 (Groundball, 34)
Batting: RHB Ed McVinish 0-0: Swinging Strike
0-1: Ball
1-1: Ball
2-1: Foul Ball, location: 2F
2-2: Foul Ball, location: 2F
2-2: Ball
3-2: Strikes out swinging
Batting: RHB Domingo Morales 0-0: Ball
1-0: Called Strike
1-1: Ball
2-1: Ball
3-1: Foul Ball, location: 2F
3-2: Foul Ball, location: 2F
3-2: Fly out, F8 (Flyball, 8LM)
Bottom of the 7th over - 0 runs, 0 hits, 0 errors, 0 left on base; Scottsdale 0 - El Paso 1
TOP OF THE 8TH
Scottsdale Scorpions batting - Pitching for El Paso Texans : RHP Mark Thompson
Batting: RHB Nathan Taylor 0-0: Ball
1-0: Called Strike
1-1: Fly out, F7 (Flyball, 7D)
Batting: RHB José Martínez 0-0: Called Strike
0-1: Called Strike
0-2: Strikes out looking
Batting: RHB Randy Banks 0-0: Ball
1-0: Called Strike
1-1: Ball
2-1: Foul Ball, location: 2F
2-2: Foul Ball, location: 2F
2-2: Strikes out swinging
Top of the 8th over - 0 runs, 0 hits, 0 errors, 0 left on base; Scottsdale 0 - El Paso 1
BOTTOM OF THE 8TH
El Paso Texans batting - Pitching for Scottsdale Scorpions : LHP Perry Harris
Pitching: RHP Alberto Sepúlveda
Batting: SHB António Cervantes 0-0: Ball
1-0: Swinging Strike
1-1: Foul Ball, location: 2F
1-2: Ball
2-2: Strikes out swinging
Pitching: RHP Javier Santos
Batting: LHB António Fonseca 0-0: Ball
1-0: Called Strike
1-1: Ball
2-1: Foul Ball, location: 2F
2-2: Ball
3-2: Ground out 3-1 (Groundball, 34)
Batting: LHB Ramón Ortega 0-0: Foul Ball, location: 2F
0-1: Ball
1-1: Foul Ball, location: 2F
1-2: Ball
2-2: Foul Ball, location: 2F
2-2: Ball
3-2: Base on Balls
Batting: LHB Cipriano Rangel 0-0: DOUBLE (Flyball, 8RD)
Ramón Ortega to third
Pinch Hitting: SHB Oliver Riley 0-0: Intentional Walk
Pinch Hitting: RHB Rafael Crus 0-0: Called Strike
0-1: Ball
1-1: Ground out 5-3 (Groundball, 56)
Bottom of the 8th over - 0 runs, 1 hit, 0 errors, 3 left on base; Scottsdale 0 - El Paso 1
TOP OF THE 9TH
Scottsdale Scorpions batting - Pitching for El Paso Texans : RHP Mark Thompson
Now at 1B: Oliver Riley
Now at 2B: Manny Holguín
Batting: LHB Tony Ayala 0-0: Ball
1-0: Ball
2-0: Ball
3-0: Called Strike
3-1: Base on Balls
Batting: SHB Luis López 0-0: Swinging Strike
0-1: Ball
Wild Pitch!
Tony Ayala to second
1-1: Called Strike
1-2: Foul Ball, location: 2F
1-2: Ball
2-2: Ball
3-2: Fly out, F3 (Popup, 3SF)
Batting: RHB Phil Rowlett 0-0: Ball
1-0: Ball
2-0: Ball
3-0: Called Strike
3-1: Base on Balls
Pinch Hitting: LHB John Jones 0-0: Fly out, F8 (Flyball, 8LD)
Pinch Hitting: LHB Ernesto Hernández 0-0: Called Strike
0-1: Ball
1-1: Swinging Strike
1-2: Ball
2-2: Ball
3-2: Foul Ball, location: 2F
3-2: Foul Ball, location: 2F
3-2: Foul Ball, location: 2F
3-2: Foul Ball, location: 2F
3-2: Strikes out looking
Top of the 9th over - 0 runs, 0 hits, 0 errors, 2 left on base; Scottsdale 0 - El Paso 1
Saturday, April 7th, 2018 - OOTP Baseball 18.8 Build 76